 Dungeon Sprint DCSS version 0.20.1-1-g8b1a95d (webtiles) character file.

20 suicidejoker the Sneak (level 2, -1/20 HPs)
             Began as an Octopode Assassin on Aug 24, 2017.
             Was an Elder of Cheibriados.
             Slain by Grinder (3 damage)
             ... in the Dungeon (Sprint VII: "The Pits").
             The game lasted 00:01:36 (93 turns).

suicidejoker the Sneak (Octopode Assassin)            Turns: 93, Time: 00:01:36

Health: -1/20      AC:  1    Str: 19    XL:     2   Next: 79%
Magic:  2/3        EV: 14    Int: 22    God:    Cheibriados [****..]
Gold:   0          SH:  0    Dex: 22    Spells: 1/1 levels left

rFire    . . .     SeeInvis .   a - +2 dagger
rCold    . . .     Gourm    .   (no shield)
rNeg     . . .     Faith    .   (helmet restricted)
rPois    .         Spirit   .   (no amulet)
rElec    .         Reflect  .   (no ring)
rCorr    .         Harm     .   (no ring)
MR       .....     NoTele   +   (no ring)
Stlth    +++++.....             (no ring)
Regen    0.1/turn               (no ring)
MPRegen  0.1/turn               (no ring)
                                (no ring)
                                (no ring)

@: very slow
A: almost no armour, stealthy swim, amphibious, 8 rings, constrict 8, camouflage
1, gelatinous body 1
a: Bend Time, Temporal Distortion, Slouch, Renounce Religion


You were in the Dungeon.
You worshipped Cheibriados.
Cheibriados was greatly pleased with you.
You were not hungry.

You visited 1 branch

Inventory:

Hand Weapons
 a - a +2 dagger (weapon)
 b - a +0 blowgun
Missiles
 c - 8 poisoned needles
 d - 2 curare-tipped needles
Scrolls
 k - a scroll of blinking
 m - 3 scrolls of remove curse
 n - 5 scrolls of amnesia
 o - a scroll of summoning
Potions
 e - a potion of curing
 h - a potion of haste
 i - 4 potions of magic
 j - 3 potions of berserk rage
 l - 2 potions of invisibility
Comestibles
 f - 8 bread rations
 p - 40 fruits
 q - 7 meat rations


   Skills:
 + Level 2.8 Fighting
 * Level 3.4 Short Blades
 - Level 2.0 Throwing
 + Level 2.0 Dodging
 * Level 6.7 Stealth
 * Level 1.6 Invocations


You had one spell level left.
You didn't know any spells.

Dungeon Overview and Level Annotations

Branches:
Dungeon (1/1)

Altars:
Ashenzari
Cheibriados
Dithmenos
Elyvilon
Fedhas
Gozag
Hepliaklqana
Kikubaaqudgha
Makhleb
Nemelex Xobeh
Okawaru
Qazlal
Ru
Sif Muna
Trog
Uskayaw
Vehumet
Xom
Yredelemnul
Zin
The Shining One
Beogh
Jiyva
Lugonu

Annotations:
D Grinder


Innate Abilities, Weirdness & Mutations

You cannot wear most types of armour.
You are very stealthy in the water. (Stealth+)
You are amphibious.
You can wear up to eight rings at the same time.
You can use your tentacles to constrict eight enemies at once.
Your skin changes colour to match your surroundings (Stealth+).
Your rubbery body absorbs attacks. (AC +1, EV +1)


Message History

You kill the jackal!
Cheibriados thoroughly appreciates the change of pace.
Cheibriados raises the support of your attributes as your movement slows.
The ball python zombie bites you but does no damage.
The ball python zombie misses you.
You hit the ball python zombie.
You destroy the ball python zombie!
Cheibriados thoroughly appreciates the change of pace.
Cheibriados raises the support of your attributes as your movement slows.
You can now inflict damage on those overly hasty.
Cheibriados raises the support of your attributes as your movement slows.
Grinder gestures at you. Pain shoots through your body!
There is an open door, spattered with blood here.
You see here a jackal corpse.
Grinder closely misses you. Grinder hits you!
Ouch! That really hurt!
* * * LOW HITPOINT WARNING * * *
You writhe in agony.
You die...

#.?(.')))'.##......#.
##########.##........
#...........'........
+#####'#####......#.
#...#)# #........
#...#.# ####'####
#.†.'.# #.......#
##†#### #.......#
#.@...# #.......#
#)5...# #...<...#
#........##.......#
#........##.......#
###########.......#
#########


You could see Grinder.

Vanquished Creatures
  An ufetubus (D)
  An ooze (D)
  An orc (D)
  A bat skeleton (D)
  A bat zombie (D)
  A goblin (D)
  2 jackals (D)
  A ball python zombie (D)
9 creatures vanquished.

Notes
Turn   | Place    | Note
-------+----------+-------------------------------------------
     0 | D        | suicidejoker the Octopode Assassin began the quest for the Orb.
     0 | D        | Reached XP level 1. HP: 14/14 MP: 1/1
    12 | D        | Reached skill level 6 in Stealth
    15 | D        | Found a bloodstained altar of Trog.
    15 | D        | Found a deep blue altar of Sif Muna.
    15 | D        | Found a viscous altar of Jiyva.
    15 | D        | Found a hazy altar of Hepliaklqana.
    15 | D        | Found an opulent altar of Gozag.
    16 | D        | Found a glowing golden altar of the Shining One.
    16 | D        | Found a glowing silver altar of Zin.
    16 | D        | Found a basalt altar of Yredelemnul.
    16 | D        | Found a shimmering altar of Xom.
    16 | D        | Found a sacrificial altar of Ru.
    16 | D        | Found a stormy altar of Qazlal.
    16 | D        | Found an iron altar of Okawaru.
    16 | D        | Found a sparkling altar of Nemelex Xobeh.
    16 | D        | Found a burning altar of Makhleb.
    16 | D        | Found a blossoming altar of Fedhas.
    16 | D        | Found a white marble altar of Elyvilon.
    16 | D        | Found a shadowy altar of Dithmenos.
    16 | D        | Found a snail-covered altar of Cheibriados.
    17 | D        | Found a radiant altar of Vehumet.
    17 | D        | Found a corrupted altar of Lugonu.
    17 | D        | Found a roughly hewn altar of Beogh.
    18 | D        | Found a hide-covered altar of Uskayaw.
    18 | D        | Found an ancient bone altar of Kikubaaqudgha.
    18 | D        | Found a shattered altar of Ashenzari.
    26 | D        | Became a worshipper of Cheibriados the Contemplative
    69 | D        | Reached * piety under Cheibriados
    69 | D        | Reached XP level 2. HP: 19/20 MP: 2/2
    77 | D        | Reached ** piety under Cheibriados
    77 | D        | Reached skill level 1 in Invocations
    80 | D        | Noticed Grinder
    89 | D        | Reached *** piety under Cheibriados
    91 | D        | Reached **** piety under Cheibriados
    93 | D        | Slain by Grinder

Skill      XL: |  1  2 |
---------------+-------+-----
Stealth        | 6 |  6.7
Short Blades   | 3 |  3.4
Dodging        | 2 |  2.0
Invocations    | 1 |  1.6
Fighting       | |  2.8
Throwing       | |  2.0

Action                   || total
-------------------------++-------
Melee: Dagger            ||    13
       Constrict         ||     3
       Tentacles         ||     2
  Use: Potion            ||     1
 Stab: Sleeping          ||     5
Armor: Skin              ||     3
Dodge: Dodged            ||    14
